 Dungeon Crawl Stone Soup version 0.24-a0-784-g601f8f6d22 (webtiles) character file.

Game seed: 8481675558580690425, levelgen mode: deterministic

19560 Johnny the Geomancer (level 12, -12/103 HPs)
             Began as a Demigod Earth Elementalist on Oct 9, 2019.
             Mangled by night's ghost (14 damage)
             ... while petrified by a basilisk
             ... on level 12 of the Dungeon.
             The game lasted 00:22:34 (13914 turns).

Johnny the Geomancer (Demigod Earth Elementalist)  Turns: 13914, Time: 00:22:35

Health: -12/103    AC:  6    Str: 13    XL:     12   Next: 10%
Magic:  15/28      EV:  2    Int: 31    God:
Gold:   742        SH:  0    Dex: 17    Spells: 9/27 levels left

rFire    . . .     SeeInvis +   p - +2 quarterstaff (protect)
rCold    . . .     Gourm    .   (shield currently unavailable)
rNeg     + + +     Faith    .   C - +1 robe of the Tortoise {rElec Int+4}
rPois    ∞         Spirit   .   (no helmet)
rElec    +         Reflect  .   (no cloak)
rCorr    .         Harm     .   (no gloves)
MR       +....                  g - +2 pair of boots
Stlth    +++.......             T - amulet of magic regeneration
HPRegen  0.27/turn              o - +2 ring of evasion
MPRegen  0.46/turn              M - ring of Propriety {+Fly Str+2 Dex-4 SInv}

@: agile, petrified
A: high mp 1
a: Evoke Flight


You were on level 12 of the Dungeon.
You were not hungry.

You visited 1 branch of the dungeon, and saw 12 of its levels.
You also visited: Gauntlet.

You collected 742 gold pieces.

Inventory:

Hand Weapons
 p - a +2 quarterstaff of protection (weapon)
 R - the +11 rapier of Deformation {pierce, +Blink}
   (You found it in a Gauntlet)

   It inflicts extra damage upon your enemies.
   It lets you blink.
Missiles
 D - 30 stones (quivered)
Armour
 g - a +2 pair of boots (worn)
 C - the +1 robe of the Tortoise (worn) {rElec Int+4}
   (You took it off an orc priest on level 9 of the Dungeon)

   It affects your intelligence (+4).
   It insulates you from electricity.
 J - a +0 troll leather armour
Jewellery
 o - a +2 ring of evasion (left hand)
 A - an uncursed amulet of the acrobat
 K - the ring "Mephubi" {Fire rN++ Str+4 Dex-4 Slay+2}
   (You found it in a Gauntlet)

   [ring of fire]

   It enhances your fire magic.
   It affects your strength (+4).
   It affects your dexterity (-4).
   It affects your accuracy and damage with ranged weapons and melee attacks
   (+2).
   It protects you from fire.
   It makes you vulnerable to cold.
   It greatly protects you from negative energy.
 M - the ring of Propriety (right hand) {+Fly Str+2 Dex-4 SInv}
   (You found it in a Gauntlet)

   [ring of flight]

   It affects your strength (+2).
   It affects your dexterity (-4).
   It lets you see invisible.
   It lets you fly.
 Q - a +5 ring of intelligence {unknown}
 T - an amulet of magic regeneration (around neck)
 V - a cursed ring of teleportation {unknown}
Wands
 v - a wand of polymorph (10)
 z - a wand of paralysis (13)
 F - a wand of random effects (31)
 H - a wand of acid (4)
 N - a wand of flame (14)
 O - a wand of iceblast (4)
 P - a wand of digging (5)
Scrolls
 a - 4 scrolls of fear
 c - a scroll of holy word
 f - 12 scrolls of remove curse
 j - 3 scrolls of enchant armour
 l - 4 scrolls of magic mapping
 r - 2 scrolls of blinking
 t - 5 scrolls of fog
 x - 3 scrolls of teleportation
 y - a scroll of torment
 B - 3 scrolls of amnesia
 I - a scroll of immolation
 U - a scroll of noise
 X - a scroll of brand weapon
Potions
 b - a potion of mutation {unknown}
 e - a potion of might {unknown}
 h - 3 potions of ambrosia
 i - 2 potions of curing
 k - a potion of heal wounds {unknown}
 n - 2 potions of lignification
 q - a potion of resistance
 s - a potion of brilliance {unknown}
 u - a potion of invisibility {unknown}
 w - a potion of flight {unknown}
 L - a potion of magic {unknown}
 Y - a potion of cancellation {unknown}
Miscellaneous
 E - a phial of floods (inert)
 G - a lamp of fire (inert)
 S - a phantom mirror
Comestibles
 d - 21 rations


   Skills:
 + Level 8.5 Fighting
 + Level 8.8 Dodging
 - Level 1.7 Stealth
 + Level 8.1 Spellcasting
 - Level 0.8 Transmutations
 * Level 12.2 Earth Magic


You had 9 spell levels left.
You knew the following spells:

 Your Spells              Type           Power        Failure   Level  Hunger
a - Sandblast             Erth           ######       1%          1    None
b - Stone Arrow           Conj/Erth      ######       1%          3    None
c - Lee's Rapid Deconstr  Erth           ######....   1%          5    ####...
d - Petrify               Tmut/Erth      ######..     2%          4    None
e - Blink                 Tloc           N/A          6%          2    None
f - Mephitic Cloud        Conj/Pois/Air  ##......     12%         3    None

Your spell library contained the following spells:

 Spells                   Type           Power        Failure   Level  Hunger
 Passwall                 Tmut/Erth      ######..     1%          2    None
 Leda's Liquefaction      Hex/Erth       ######....   3%          4    None
 Corona                   Hex            ##.....      4%          1    None
 Infusion                 Chrm           ##..         4%          1    None
 Magic Dart               Conj           ##..         4%          1    None
 Sting                    Conj/Pois      ##..         4%          1    None
 Call Imp                 Summ           ##......     6%          2    None
 Ensorcelled Hibernation  Hex/Ice        ##....       6%          2    None
 Poisonous Vapours        Pois/Air       ##....       6%          2    None
 Slow                     Hex            ##......     6%          2    None
 Swiftness                Chrm/Air       ##......     6%          2    None
 Ignite Poison            Fire/Tmut/Pois ##......     11%         3    None
 Confuse                  Hex            ##......     12%         3    None
 Conjure Flame            Conj/Fire      ##......     12%         3    None
 Dazzling Spray           Conj/Hex       ##....       12%         3    None
 Inner Flame              Hex/Fire       ##......     12%         3    None
 Portal Projectile        Hex/Tloc       ##....       12%         3    None
 Regeneration             Chrm/Necr      ##........   12%         3    None
 Static Discharge         Conj/Air       ##......     12%         3    None
 Tukima's Dance           Hex            ##......     12%         3    None
 Bolt of Magma            Conj/Fire/Erth #####.....   21%         5    ####...
 Cause Fear               Hex            ##........   36%         4    None
 Olgreb's Toxic Radiance  Pois           ##......     36%         4    None
 Statue Form              Tmut/Erth      ######...    38%         6    #####..
 Irradiate                Conj/Tmut      ###.......   67%         5    ####...
 Excruciating Wounds      Chrm/Necr      ##........   73%         5    ####...
 Lightning Bolt           Conj/Air       ##........   73%         5    ####...
 Venom Bolt               Conj/Pois      ##........   73%         5    ####...
 Hydra Form               Tmut           ###.......   99%         6    #####..
 Dragon Form              Tmut           ###.......   100%        7    #######
 Ignition                 Fire           ##........   100%        8    #######
 Shatter                  Erth           ######....   100%        9    #######
 Tornado                  Air            ##........   100%        9    #######


Dungeon Overview and Level Annotations

Branches:
Dungeon (12/15)            Temple (0/1) D:7            Lair (0/6) D:9
    Orc (0/2) D:11        Gauntlet (visited)

Shops:
D:4 (   D:7 [

Annotations:
D:12 1 transporter, night's ghost, novice TrFi


Innate Abilities, Weirdness & Mutations

You have an increased reservoir of magic. (+10% MP)


Message History

The blast of rock fragments hits the manticore!!
You kill the manticore!
The blast of rock fragments hits night's ghost but does no damage.
The blast of rock fragments hits the catoblepas!!
The catoblepas is heavily wounded.
You are engulfed in calcifying dust.
Your limbs have turned to stone.
You have turned to stone.
You are engulfed in calcifying dust.
Night's ghost completely misses you.
You are engulfed in calcifying dust.
The catoblepas gores you!!
The moth of wrath wildly waves its antennae.
Night's ghost hits you!!
You are engulfed in calcifying dust.
The catoblepas gores you!!
* * * LOW HITPOINT WARNING * * *
Night's ghost hits you!!
* * * LOW HITPOINT WARNING * * *
You are engulfed in calcifying dust.
The catoblepas gores you!
* * * LOW HITPOINT WARNING * * *
Night's ghost screams, "Death is your only future!"
Night's ghost hits you!!
You die...

#.##.....###..####.##.
#.#..#####.##.## #.##.
#...##.....y#..###.##.
#..##.[..#..##........
#..#©..#...#.#......##
#..##..##.#. #......#
#..©#.#.$.#(##......#
##.##.Y§..#/#...#..##
#.#(@W#©.=:#©..#..#
#.#§#†..#.$#..##..###
#.##.#....$##........
#..#...#.#..#.....(..
##.#...#.#..#........
#.#.......##.....[..
#.###...###[.#######
#...#####.†.## #
###.......##########


You could see a catoblepas and night's ghost.

Vanquished Creatures
  Jorgrun (D:12)
  A minotaur (Gauntlet)
  A green death (Gauntlet)
  A two-headed ogre (D:12)
  A vampire mage (D:12)
  Sonja (D:12)
  2 unseen horrors
  A harpy (D:12)
  2 manticores
  4 centaur skeletons
  An orange demon (Gauntlet)
  A minotaur zombie (Gauntlet)
  A troll (D:11)
  A hornet (D:12)
  A wolf spider simulacrum (Gauntlet)
  Grinder (D:5)
  A centaur simulacrum (Gauntlet)
  A hippogriff (D:9)
  A shadow (D:12)
  4 yaks (D:9)
  A wyvern (D:9)
  2 wraiths (D:11)
  4 hogs (D:8)
  A human (D:8)
  A basilisk (D:12)
  A hungry ghost (D:9)
  A redback simulacrum (Gauntlet)
  2 wargs (D:9)
  A hydra simulacrum (Gauntlet)
  A soldier ant (D:12)
  A water moccasin (D:3)
  3 ice beasts
  2 black bears
  An eye of draining (D:10)
  2 necrophages
  6 orc warriors
  4 sky beasts
  3 phantoms
  4 ogres
  8 centaurs
  2 big kobolds
  8 bullfrogs
  3 scorpions
  16 killer bees
  2 electric eels (D:9)
  2 howler monkeys
  11 crimson imps
  A quasit (D:7)
  4 jellies
  15 orc priests
  2 bullfrog zombies
  9 hounds
  13 orc wizards
  2 bullfrog skeletons
  A gnoll shaman (D:5)
  An iguana (D:8)
  9 worker ants
  2 hound skeletons
  5 worker ant zombies
  3 gnolls (D:5)
  18 adders
  2 shadow imps
  An ooze (D:3)
  An adder skeleton (D:10)
  A worm (D:4)
  2 dart slugs
  5 leopard geckos
  41 orcs
  A ball python (D:2)
  5 bats
  2 giant cockroaches
  11 goblins
  6 hobgoblins
  16 jackals
  4 quokkas
  4 frilled lizards
  13 kobolds
  A leopard gecko skeleton (D:4)
  A quokka zombie (D:5)
  2 rats
  A spectral orc (D:3)
326 creatures vanquished.

Vanquished Creatures (collateral kills)
  An orange demon (Gauntlet)
1 creature vanquished.

Vanquished Creatures (others)
  An orc (D:9)
1 creature vanquished.

Grand Total: 328 creatures vanquished

Notes
Turn   | Place    | Note
-------+----------+-------------------------------------------
     0 | D:1      | Johnny the Demigod Earth Elementalist began the quest for
                  | the Orb.
     0 | D:1      | Reached XP level 1. HP: 14/14 MP: 5/5
   851 | D:2      | Reached XP level 2. HP: 22/22 MP: 2/7
   853 | D:2      | Reached skill level 3 in Earth Magic
  1309 | D:2      | Reached XP level 3. HP: 27/27 MP: 5/8
  1511 | D:2      | Reached skill level 1 in Fighting
  1720 | D:3      | Reached XP level 4. HP: 27/35 MP: 3/10
  2149 | D:3      | Found a sparkling altar of Nemelex Xobeh.
  2165 | D:3      | Found a basalt altar of Yredelemnul.
  2210 | D:3      | Noticed a water moccasin
  2222 | D:3      | Killed a water moccasin
  2222 | D:3      | Reached skill level 4 in Earth Magic
  2222 | D:3      | Reached XP level 5. HP: 28/41 MP: 3/12
  2498 | D:3      | Found a bloodstained altar of Trog.
  2547 | D:3      | Found a shattered altar of Ashenzari.
  2958 | D:4      | Found Wapnafan's Antique Weapon Boutique.
  2992 | D:4      | Reached XP level 6. HP: 30/48 MP: 8/13
  3418 | D:4      | Reached skill level 5 in Earth Magic
  3513 | D:4      | Reached XP level 7. HP: 20/56 MP: 1/15
  4218 | D:5      | Entered Level 5 of the Dungeon
  4231 | D:5      | Found a hide-covered altar of Uskayaw.
  4247 | D:5      | Noticed Grinder
  4270 | D:5      | Killed Grinder
  4418 | D:5      | Reached skill level 6 in Earth Magic
  5005 | D:5      | Reached XP level 8. HP: 64/66 MP: 17/17
  5059 | D:5      | Learned a level 3 spell: Stone Arrow
  5065 | D:5      | Learned a level 5 spell: Lee's Rapid Deconstruction
  5070 | D:5      | Learned a level 4 spell: Petrify
  5073 | D:5      | Learned a level 2 spell: Blink
  5464 | D:6      | Reached skill level 7 in Earth Magic
  5596 | D:6      | Found a shimmering blue altar of Sif Muna.
  5814 | D:6      | Found a shadowy altar of Dithmenos.
  5899 | D:7      | Reached skill level 5 in Dodging
  5920 | D:7      | Found a stormy altar of Qazlal.
  6168 | D:7      | Found a staircase to the Ecumenical Temple.
  6174 | D:7      | Reached XP level 9. HP: 73/73 MP: 19/19
  6287 | D:7      | Found Medam's Antique Armour Shoppe.
  6476 | D:7      | Reached skill level 5 in Spellcasting
  6536 | D:8      | Reached skill level 5 in Fighting
  6540 | D:8      | Reached skill level 8 in Earth Magic
  6681 | D:8      | Found a sand-covered staircase.
  7289 | D:8      | Reached skill level 9 in Earth Magic
  7682 | D:9      | Reached XP level 10. HP: 58/83 MP: 14/22
  8121 | D:9      | Identified the +1 robe of the Tortoise {rElec Int+4}
  8251 | D:9      | Found a staircase to the Lair.
  8720 | D:9      | Reached skill level 10 in Earth Magic
  8880 | D:9      | Found a burning altar of Makhleb.
  8880 | D:9      | Found a shimmering altar of Xom.
  9185 | D:10     | Entered Level 10 of the Dungeon
 10605 | D:11     | Found a gate leading to a gauntlet.
 10650 | Gauntlet | Entered a Gauntlet
 10650 | Gauntlet | Found a transporter.
 10656 | Gauntlet | Noticed a green death
 10658 | Gauntlet | Found a runed translucent gate.
 10659 | Gauntlet | Found a transporter.
 10659 | Gauntlet | Found a runed translucent gate.
 10660 | Gauntlet | Found a transporter.
 10661 | Gauntlet | Found a runed translucent gate.
 10676 | Gauntlet | Found a transporter.
 10686 | Gauntlet | Found a transporter.
 10703 | Gauntlet | Noticed a hell beast
 10706 | Gauntlet | Found a transporter.
 10719 | Gauntlet | Found a transporter.
 10719 | Gauntlet | Noticed an entropy weaver
 10739 | Gauntlet | Found a transporter.
 10743 | Gauntlet | Found a transporter.
 10752 | Gauntlet | Found a transporter.
 10754 | Gauntlet | Noticed a green death
 10782 | Gauntlet | Found a transporter.
 10782 | Gauntlet | Found a transporter.
 10782 | Gauntlet | Noticed a catoblepas
 10841 | Gauntlet | Killed a green death
 10846 | Gauntlet | Reached XP level 11. HP: 50/92 MP: 0/25
 10875 | Gauntlet | Got a vibrating glass ring
 11020 | Gauntlet | Identified the ring "Mephubi" {Fire rN++ Str+4 Dex-4
                  | Slay+2} (You found it in a Gauntlet)
 11166 | Gauntlet | Got a heavily runed wooden ring
 11172 | Gauntlet | Identified the ring of Propriety {+Fly Str+2 Dex-4 SInv}
                  | (You found it in a Gauntlet)
 11188 | Gauntlet | Noticed a minotaur
 11194 | Gauntlet | Killed a minotaur
 11238 | Gauntlet | Identified Sif Muna's Volume of Contamination and Earth
 11238 | Gauntlet | Identified Viba Uku's Guide on Helpful Air
 11366 | Gauntlet | Reached skill level 11 in Earth Magic
 11474 | Gauntlet | Got a warped rapier
 11478 | Gauntlet | Identified the +11 rapier of Deformation {pierce, +Blink}
                  | (You found it in a Gauntlet)
 11771 | D:11     | Noticed an unseen horror
 11774 | D:11     | Killed an unseen horror
 12230 | D:11     | Found a staircase to the Orcish Mines.
 12677 | D:12     | Found a transporter.
 12678 | D:12     | Noticed night's ghost (novice TrFi)
 12682 | D:12     | Noticed a catoblepas
 12683 | D:12     | Noticed a harpy
 12689 | D:12     | Noticed Jorgrun
 12701 | D:12     | Killed Jorgrun
 12894 | D:12     | Noticed an unseen horror
 12897 | D:12     | Noticed a two-headed ogre
 12909 | D:12     | Killed an unseen horror
 12910 | D:12     | Killed a two-headed ogre
 13134 | D:12     | Found a transporter.
 13270 | D:12     | Noticed a vampire mage
 13322 | D:12     | Noticed Sonja
 13323 | D:12     | Killed Sonja
 13323 | D:12     | Reached skill level 12 in Earth Magic
 13671 | D:12     | Killed a vampire mage
 13671 | D:12     | Reached XP level 12. HP: 74/103 MP: 2/28
 13902 | D:12     | Learned a level 3 spell: Mephitic Cloud
 13914 | D:12     | HP: 2/103 [catoblepas (4)]
 13914 | D:12     | Mangled by night's ghost

Levels and vault maps discovered:
D:1:      ebering_trefoil_twist, layout_basic
D:2:      layout_loops_ring
D:3:      layout_loops_ring, bloody_trog, yredelemnul_forgotten_temple_becter,
          nicolae_overflow_hidden_temple, nemelex_xobeh_ov_fountains_minmay
D:4:      layout_basic, serial_shops, nicolae_shop_overgrown_old_shop,
          wad_floor_pattern_2
D:5:      layout_gridville, eat_drink_and_be_merry_uskayaw, first_ration,
          hangedman_abyss_or_decor_lesser_grid, uniq_grinder
D:6:      layout_basic, grunt_dithmenos_shadows, led_sif_pool
D:7:      layout_basic, nicolae_qazlal_eye_of_the_storm,
          minmay_temple_entry_offerings, serial_shops, shop
D:8:      layout_cave_pools, nicolae_ossuary_entry_ruins, serial_column_ruins,
          column_ruins_columns_T, column_ruins_grid_3, column_ruins_grid_3,
          column_ruins_columns_dead_end, grunt_livestock
D:9:      wad_river_or_something, layout_basic,
          grunt_temple_overflow_champion_of_chaos, erik_lair_orcish_takeover
D:10:     layout_stronghold, kennysheep_nondescript
D:11:     layout_irregular_city, david_orc_4, gauntlet_entry_generic,
          serial_rivers, chequers_serial_rivers_micro_b,
          chequers_serial_rivers_micro_b, chequers_serial_rivers_large_a,
          chequers_serial_rivers_large_b
D:12:     layout_rooms, gammafunk_ghost_berserking_beasts, minmay_librarian,
          uniq_jorgrun, uniq_sonja

Skill      XL: |  1  2  3  4  5  6  7  8  9 10 11 |
---------------+----------------------------------+-----
Dodging        | 2 3 4 5 6 7 8 |  8.8
Earth Magic    | 3 4 5 6 7 9 10 12 | 12.2
Spellcasting   | 2 3 4 5 6 8 |  8.1
Fighting       | 1 2 3 4 5 7 8 |  8.5
Stealth        | |  1.7
Transmutations | |  0.8

Action                   |  1- 3 |  4- 6 |  7- 9 | 10-12 || total
-------------------------+-------+-------+-------+-------++-------
Melee: Unarmed           |    26 |       |       |       ||    26
       Mace              |    31 |    71 |       |       ||   102
       Quarterstaff      |       |       |   342 |   289 ||   631
 Cast: Sandblast         |    29 |    90 |   103 |   109 ||   331
       Stone Arrow       |       |       |     1 |     8 ||     9
       Lee's Rapid Decon |       |       |       |    49 ||    49
       Petrify           |       |       |       |     3 ||     3
       Blink             |       |       |       |     1 ||     1
       Mephitic Cloud    |       |       |       |     1 ||     1
Evoke: Wand              |       |       |     1 |    31 ||    32
       Lamp of fire      |       |       |       |     1 ||     1
       Phial of floods   |       |       |       |     1 ||     1
  Use: Potion            |       |     1 |       |     5 ||     6
       Scroll            |       |       |    20 |     9 ||    29
 Stab: Sleeping          |     5 |     2 |     2 |     4 ||    13
       Paralysed         |       |       |       |     7 ||     7
       Distracted        |       |       |       |     1 ||     1
  Eat: Chunk             |     3 |     5 |     5 |    12 ||    25
       Ration            |       |       |     3 |     5 ||     8
Armor: Robe              |    17 |    16 |       |    78 ||   111
       Leather armour    |       |     4 |   147 |     1 ||   152
       Skin              |       |       |       |    25 ||    25
Dodge: Dodged            |    47 |   123 |   419 |   459 ||  1048

Table legend:
 A = Non-vault XP
 B = Vault XP
 C = Vault XP percentage of total XP
 D = Non-vault monster count
 E = Vault monster count
 F = Vault count percentage of total count
                 A         B        C        D         E       F
            +---------+---------+-------+---------+---------+-------
      Total |   14479 |   13464 |  48.2 |     273 |      55 |  16.8
            +---------+---------+-------+---------+---------+-------
        D:1 |      12 |       0 |   0.0 |       6 |       0 |   0.0
        D:2 |      50 |       0 |   0.0 |      17 |       0 |   0.0
        D:3 |     307 |       1 |   0.3 |      36 |       1 |   2.7
        D:4 |     657 |       0 |   0.0 |      34 |       0 |   0.0
        D:5 |     421 |     254 |  37.6 |      14 |       1 |   6.7
        D:6 |     759 |     118 |  13.5 |      18 |       1 |   5.3
        D:7 |    1047 |       0 |   0.0 |      17 |       0 |   0.0
        D:8 |    1283 |     970 |  43.1 |      25 |       5 |  16.7
        D:9 |    2668 |    1292 |  32.6 |      28 |      18 |  39.1
       D:10 |    1206 |       0 |   0.0 |      23 |       0 |   0.0
       D:11 |    3366 |     656 |  16.3 |      33 |      13 |  28.3
       D:12 |    2703 |    5979 |  68.9 |      22 |       7 |  24.1
   Gauntlet |       0 |    4194 | 100.0 |       0 |       9 | 100.0
            +---------+---------+-------+---------+---------+-------
